 Dungeon Crawl Stone Soup version 0.19.1-1-g22dce08 (webtiles) character file.

67 Kiturien the Skirmisher (level 4, 0/31 HPs)
             Began as an Octopode Fighter on Jan 18, 2017.
             Slain by Grinder (3 damage)
             ... while paralysed by Grinder
             ... on level 3 of the Dungeon.
             The game lasted 00:04:23 (1800 turns).

Kiturien the Skirmisher (Octopode Fighter)          Turns: 1800, Time: 00:04:24

Health: 0/31       AC:  1    Str: 16    XL:     4   Next: 18%
Magic:  4/4        EV:  2    Int: 10    God:
Gold:   79         SH:  0    Dex: 11    Spells: 0 memorised, 3 levels left

rFire  . . .     SeeInvis .     a - +0 rapier
rCold  . . .     Gourm    .     b - +0 shield
rNeg   . . .     Faith    .     (helmet restricted)
rPois  .         Spirit   .     (no amulet)
rElec  .         Reflect  .     (no ring)
rCorr  .         Harm     .     (no ring)
MR     .....                    (no ring)
Stlth  +++.......               (no ring)
                                (no ring)
                                (no ring)
                                (no ring)
                                (no ring)

@: paralysed
A: almost no armour, stealthy swim, amphibious, 8 rings, constrict 8, camouflage
1, gelatinous body 1
a: no special abilities


You were on level 3 of the Dungeon.
You were not hungry.

You visited 1 branch of the dungeon, and saw 4 of its levels.

You collected 79 gold pieces.

Inventory:

Hand Weapons
 a - a +0 rapier (weapon)
Armour
 b - a +0 shield (worn)
Scrolls
 g - a scroll of blinking {unknown}
 i - a scroll of identify
 k - a scroll of immolation {unknown}
 l - a scroll of remove curse {unknown}
 m - a scroll of fog {unknown}
 n - 2 scrolls of fear
 o - a scroll of magic mapping {unknown}
 p - a scroll of enchant armour {unknown}
 q - a scroll of teleportation {unknown}
 r - a scroll of noise {unknown}
Potions
 c - a potion of might
 d - 2 potions of lignification {unknown}
 e - a potion of magic
 j - a potion of cancellation {unknown}
 s - a potion of curing {unknown}
Comestibles
 f - 4 meat rations
 h - 2 beef jerkies


   Skills:
 + Level 3.4 Fighting
 + Level 2.8 Short Blades
 + Level 3.4 Dodging
 + Level 1.3 Stealth
 + Level 3.4 Shields


You had 3 spell levels left.
You didn't know any spells.

Dungeon Overview and Level Annotations

Branches:
Dungeon (4/15)
 Temple: D:4-7

Altars:

Annotations:
D:3 Grinder


Innate Abilities, Weirdness & Mutations

You cannot wear most types of armour.
You are very stealthy in the water. (Stealth+)
You are amphibious.
You can wear up to eight rings at the same time.
You can use your tentacles to constrict eight enemies at once.
Your skin changes colour to match your surroundings (Stealth+).
Your rubbery body absorbs attacks. (AC +1, EV +1)


Message History

Grinder gestures at you. You resist with significant effort.
Grinder gestures at you. Pain shoots through your body!
You can move again.
You closely miss Grinder. Your grab misses Grinder. Grinder closely misses you.
You hit Grinder. Your grab misses Grinder. Your squeeze misses Grinder.
Grinder is lightly wounded.
Grinder gestures at you.
You suddenly lose the ability to move!
Grinder gestures at you. Pain shoots through your body!
Grinder completely misses you. Grinder barely misses you. Grinder hits you!
* * * LOW HITPOINT WARNING * * *
You writhe in agony.
* * * LOW HITPOINT WARNING * * *
Grinder hits you.
You die...

## ..
##.####################
#.....5@†....>........#
#..##.###############.##
# #.# #... #.########
#### #(........
#..(....# #.......#
#.......# ### #.......#
..#


You could see Grinder.

Vanquished Creatures
  An adder (D:3)
  An ooze (D:2)
  A worm (D:3)
  2 dart slugs (D:1)
  A leopard gecko (D:2)
  A giant cockroach (D:1)
  7 goblins
  8 hobgoblins
  4 jackals (D:2)
  8 kobolds
  A ball python (D:1)
  4 bats
  2 frilled lizards
  2 rats (D:2)
43 creatures vanquished.

Notes
Turn   | Place    | Note
-------+----------+-------------------------------------------
     0 | D:1      | Kiturien the Octopode Fighter began the quest for the Orb.
     0 | D:1      | Reached XP level 1. HP: 16/16 MP: 1/1
     3 | D:1      | Noticed an electric eel
     3 | D:1      | Noticed an electric eel
   306 | D:1      | Reached XP level 2. HP: 21/21 MP: 2/2
   785 | D:1      | Reached XP level 3. HP: 26/26 MP: 3/3
  1198 | D:2      | Reached skill level 1 in Stealth
  1618 | D:3      | Reached XP level 4. HP: 26/31 MP: 4/4
  1667 | D:3      | Noticed Grinder
  1790 | D:3      | Paralysed by Grinder for 4 turns
  1795 | D:3      | Paralysed by Grinder for 7 turns
  1800 | D:3      | Slain by Grinder

Skill      XL: |  1  2  3 |
---------------+----------+-----
Stealth        | 1 |  1.3
Fighting       | |  3.4
Short Blades   | |  2.8
Dodging        | |  3.4
Shields        | |  3.4

Action                   |  1- 3 |  4- 6 || total
-------------------------+-------+-------++-------
Melee: Rapier            |    77 |     6 ||    83
       Constrict         |    20 |     1 ||    21
       Tentacles         |    12 |     1 ||    13
  Use: Scroll            |     3 |       ||     3
 Stab: Sleeping          |     5 |       ||     5
  Eat: Bread ration      |     1 |       ||     1
Armor: Skin              |     5 |     1 ||     6
Dodge: Dodged            |    46 |     6 ||    52
Block: Shield            |    26 |     2 ||    28
